 Dungeon Crawl Stone Soup version 0.31.0-1-g2c135a0 (webtiles) character file.

Game seed: 4603074613457576495

3206 jagoly the Cleaver (level 9, -6/59 HPs)
             Began as a Gargoyle Monk on Jan 29, 2024.
             Was a Priest of the Shining One.
             Mangled by a komodo dragon (22 damage)
             ... on level 8 of the Dungeon.
             The game lasted 00:36:03 (3071 turns).

jagoly the Cleaver (Gargoyle Monk)                  Turns: 3071, Time: 00:36:04

Health: -6/59      AC: 16    Str: 18    XL:     9   Next: 97%
Magic:  9/9        EV: 10    Int: 12    God:    the Shining One [***...]
Gold:   359        SH:  0    Dex: 12    Spells: 8/8 levels left

rFire   + . .        a - +2 whip (venom)
rCold   . . .        d - orb {light}
rNeg    + + .        C - +0 scale mail
rPois   ∞            B - +0 helmet
rElec   +            J - scarf {repulsion}
rCorr   +            M - +0 pair of gloves
SInv    .            (no boots)
Will    .....        K - amulet of regeneration Stlth
                     r - ring of resist corrosion
HPRegen 1.09/turn    u - ring of protection from fire
MPRegen 0.11/turn

%: repel missiles
@: glowing
A: sickness immunity, AC +6, negative energy resistance 1, electricity
resistance, torment resistance 1, petrification resistance
a: Renounce Religion, Divine Shield, Cleansing Flame


You were on level 8 of the Dungeon.
You worshipped the Shining One.
The Shining One was most pleased with you.
You visited 2 branches of the dungeon, and saw 10 of its levels.

You collected 359 gold pieces.

Inventory:

Hand Weapons
 a - a +2 whip of venom (weapon)
 b - a +2 mace of holy wrath
 o - a +0 hand axe
 w - the +9 sling "Hatroumu" {freeze, Str-2 Int+2 Dex+4}
   (You found it on level 6 of the Dungeon)

   Str-2:     It affects your strength (-2).
   Int+2:     It affects your intelligence (+2).
   Dex+4:     It affects your dexterity (+4).
 y - a +0 dire flail
 z - a +0 trident
 G - a +0 broad axe
Missiles
 f - 63 stones (quivered)
 p - 14 poisoned darts
 D - 2 boomerangs
Armour
 d - an orb of light (worn)
 q - a +0 chain mail
 B - a +0 helmet (worn)
 C - a +0 scale mail (worn)
 J - a scarf of repulsion (worn)
 M - a +0 pair of gloves (worn)
Jewellery
 r - a ring of resist corrosion (left hand)
 u - a ring of protection from fire (right hand)
 K - an amulet of regeneration (around neck)
Wands
 l - a wand of flame (28)
 m - a wand of digging (2)
 I - a wand of roots (9)
Scrolls
 e - a scroll of enchant weapon {unknown}
 h - 4 scrolls of identify
 i - a scroll of blinking {unknown}
 k - 3 scrolls of teleportation
 t - 2 scrolls of fear
 A - 2 scrolls of enchant armour
 F - 3 scrolls of vulnerability
 L - a scroll of torment {unknown}
 N - 3 scrolls of silence {unknown}
 O - a scroll of fog {unknown}
Potions
 c - 2 potions of ambrosia
 g - a potion of degeneration {unknown}
 j - a potion of attraction {unknown}
 n - 2 potions of haste
 s - a potion of curing {unknown}
 v - a potion of heal wounds {unknown}
 x - a potion of brilliance {unknown}
 E - a potion of magic {unknown}
 H - a potion of might {unknown}
 P - a potion of invisibility {unknown}


   Skills:
 + Level 8.0 Fighting
 * Level 9.6 Axes
 + Level 6.0 Armour
 + Level 3.1 Dodging
 - Level 2.0 Stealth


You had 8 spell levels left.
You didn't know any spells.
Your spell library contained the following spells:

 Spells                   Type           Power      Damage    Failure   Level
 Apportation              Tloc           0%         N/A       67%         1
 Shock                    Conj/Air       0%         1d3       67%         1
 Ensorcelled Hibernation  Hex/Ice        0%         N/A       82%         2
 Jinxbite                 Hex            0%         N/A       82%         2
 Mercury Vapours          Alch/Air       0%         N/A       82%         2
 Mephitic Cloud           Conj/Alch/Air  0%         N/A       96%         3
 Passwall                 Erth           0%         N/A       96%         3
 Swiftness                Air            0%         N/A       96%         3
 Airstrike                Air            0%         2d(0-16)  100%        4
 Alistair's Intoxication  Alch           0%         N/A       100%        5
 Freezing Cloud           Conj/Ice/Air   0%         6-21      100%        5


Dungeon Overview and Level Annotations

Branches:
Dungeon (9/15) Zot: 26296  Temple (1/1) D:4 Zot: 5998    Lair (0/5) D:8
    Orc: D:9-12

Altars:
Ashenzari
Dithmenos
Elyvilon
Fedhas
Gozag
Hepliaklqana
Kikubaaqudgha
Nemelex Xobeh
Okawaru
Qazlal
Ru
Sif Muna
Wu Jian
Yredelemnul
Zin
The Shining One

Shops:
D:2 :=   D:4 :   D:5 ?


Innate Abilities, Weirdness & Mutations

You are immune to sickness and miasma.
Your stone body is resilient. (AC +6)
You are immune to poison.
You resist negative energy. (rN+)
You are resistant to electric shocks. (rElec)
You are resistant to unholy torment.
You are immune to petrification.


Message History

The hornet is severely wounded.
The hornet stings you but does no damage.
Hit: a) +2 whip (venom)
Press: ? - help, Dir - move target, f/p - hornet
Aim: a hornet (severely wounded, extremely poisoned, haloed, about 31% to evade your +2 whip of venom)
You hit the hornet but do no damage.
The hornet looks as sick as possible!
The hornet is severely wounded.
The hornet misses you. x2
Hit: a) +2 whip (venom)
Press: ? - help, Dir - move target, f/p - hornet
Aim: a hornet (almost dead, extremely poisoned, haloed, about 31% to evade your +2 whip of venom)
You barely miss the hornet.
The hornet is almost dead.
You kill the hornet!
Training target 8.0 for Fighting reached!
Your Fighting skill increases to level 8!
Your Axes skill increases to level 8!
f - 57 stones (gained 6)
O - a scroll labelled XESUISSE YSCHI You see here a +0 short sword of draining.
Found a quarterstaff.
P - a bubbling pink potion
p - 16 poisoned darts (gained 1)
There is a stone staircase leading up here.
You climb upwards.
There is a stone staircase leading down here.
You hit the steam dragon but do no damage.
The steam dragon bites you but does no damage.
The steam dragon claws you but does no damage.
You barely miss the steam dragon. You hit the steam dragon.
The steam dragon is poisoned.
The steam dragon is lightly wounded.
The steam dragon breathes steam at you. The ball of steam misses you.
You hit the steam dragon but do no damage.
The steam dragon looks as sick as possible!
The steam dragon is lightly wounded.
The steam dragon bites you but does no damage.
The steam dragon claws you but does no damage.
You completely miss the steam dragon.
The steam dragon is moderately wounded.
The steam dragon misses you. The steam dragon closely misses you.
You hit the steam dragon.
The steam dragon looks as sick as possible!
The steam dragon is heavily wounded.
The steam dragon closely misses you. The steam dragon claws you.
You barely miss the steam dragon.
The steam dragon is heavily wounded.
The steam dragon bites you but does no damage.
The steam dragon closely misses you.
You whack the steam dragon!
You kill the steam dragon!
Found 8 gold pieces.
You now have 351 gold pieces (gained 8).
There is an open door here.
Found 8 gold pieces.
You now have 359 gold pieces (gained 8).
There is a stone staircase leading down here.
You see here a +0 club.
You open the door.
A shadow imp comes into view.
The shadow imp shouts!
The shadow imp shouts, "Relinquish hope, thou puking tip-merry clotpole!"
There is an open door here.
You hit the shadow imp.
The shadow imp is moderately wounded.
You barely miss the shadow imp.
The shadow imp is moderately wounded.
The shadow imp hits you but does no damage.
You hit the shadow imp but do no damage.
The shadow imp is poisoned.
The shadow imp is moderately wounded.
The shadow imp closely misses you.
You hit the shadow imp.
The shadow imp is heavily wounded.
The shadow imp closely misses you.
You hit the shadow imp.
You kill the shadow imp!
The Shining One accepts your kill.
No target in view!
There is a stone staircase leading down here.
A centaur comes into view.
The centaur shouts!
The centaur wields a +0 shortbow.
The centaur shoots an arrow.
The arrow closely misses you.
The centaur shoots an arrow.
The arrow barely misses you.
The centaur shoots an arrow.
The arrow barely misses you.
The centaur shoots an arrow.
The arrow barely misses you.
The centaur shoots an arrow.
The arrow barely misses you.
The centaur shoots an arrow.
The arrow closely misses you.
The centaur shoots an arrow.
The arrow hits you but does no damage.
The centaur shoots an arrow.
The arrow hits you but does no damage.
You hit the centaur.
The centaur is poisoned.
The centaur is lightly wounded.
The centaur unwields a +0 shortbow.
The centaur closely misses you. x2
You hit the centaur.
The centaur looks as sick as possible!
The centaur is moderately wounded.
The centaur barely misses you. The centaur closely misses you.
You hit the centaur.
The centaur is heavily wounded.
The centaur hits you.
The centaur kicks you but does no damage.
You whack the centaur!
You kill the centaur!
You see here a +0 shortbow.
Found 6 stones.
Found a book of Geomancy.
Press: ? - help, v - describe, . - travel, g - get item Item here: a book of Geomancy.
The floor.
This square is lit by a halo.
Unknown command.
Okay, then.
f - 63 stones (gained 6)
There is an open door here.
A basilisk comes into view.
The basilisk hisses angrily.
The basilisk gazes at you. You resist with some effort.
The basilisk gazes at you. You resist with some effort.
You hit the basilisk.
The basilisk is poisoned.
The basilisk is lightly wounded.
The basilisk bites you but does no damage.
You hit the basilisk.
The basilisk looks as sick as possible!
The basilisk is moderately wounded.
The basilisk bites you!
You closely miss the basilisk.
The basilisk is lightly wounded.
You hit the basilisk.
The basilisk looks as sick as possible!
The basilisk is heavily wounded.
The basilisk bites you but does no damage.
You barely miss the basilisk.
The basilisk is heavily wounded.
The basilisk gazes at you.
You are unaffected.
You closely miss the basilisk.
The basilisk is heavily wounded.
The basilisk bites you!
You hit the basilisk.
The basilisk is severely wounded.
The basilisk bites you but does no damage.
You barely miss the basilisk.
The basilisk is severely wounded.
You hit the basilisk.
The basilisk looks as sick as possible!
The basilisk is severely wounded.
The basilisk gazes at you.
You are unaffected.
You whack the basilisk!
The basilisk looks as sick as possible!
The basilisk is almost dead.
The basilisk gazes at you. You resist with some effort.
You barely miss the basilisk.
The basilisk is almost dead.
The basilisk gazes at you. You resist with some effort.
You hit the basilisk.
The basilisk is almost dead.
The basilisk completely misses you.
You hit the basilisk.
You kill the basilisk!
No target in view!
Found a robe.
You see here a +0 robe.
An orc comes into view. It is wielding a +0 whip.
The orc shouts!
The orc moves out of view.
An orc wizard comes into view. It is wielding a +0 dagger.
An orc comes into view. It is wielding a +0 club.
The orc shouts!
You hear an angry hiss.
The orc hits you with a +0 whip.
You hit the orc.
The orc is poisoned.
The orc is lightly wounded.
The orc hits you but does no damage.
You hit the orc.
You kill the orc!
The orc wizard hits you but does no damage.
Things that are here:
a +0 whip; a +0 leather armour; an orc corpse You barely miss the orc wizard.
The orc hits you with a +0 club.
The orc wizard hits you but does no damage.
You closely miss the orc wizard. The orc hits you but does no damage.
The orc wizard casts a spell.
The orc wizard flickers and vanishes for a moment.
You barely miss the orc wizard. You barely miss the orc wizard.
The orc closely misses you.
The orc wizard hits you with a +0 dagger.
You hit the orc wizard.
The orc wizard is poisoned.
The orc wizard is moderately wounded.
The orc barely misses you.
The orc wizard hits you but does no damage.
You barely miss the orc wizard.
The orc wizard is moderately wounded.
The orc closely misses you.
The orc wizard hits you but does no damage.
You hit the orc wizard.
The orc wizard looks as sick as possible!
The orc wizard is severely wounded.
The orc closely misses you.
The orc wizard hits you but does no damage.
You hit the orc wizard.
The orc wizard looks as sick as possible!
The orc wizard is severely wounded.
You kill the orc wizard!
You hit the orc.
The orc is poisoned.
The orc is moderately wounded.
The orc hits you but does no damage.
You hit the orc.
The orc looks as sick as possible!
The orc is almost dead.
You kill the orc!
No target in view!
Things that are here:
a +0 club; a +0 leather armour A wyvern comes into view.
The wyvern hisses angrily.
A sky beast comes into view.
You can now channel blasts of cleansing flame.
Things that are here:
a +0 dagger; a +0 robe
Things that are here:
a +0 whip; a +0 leather armour; an orc corpse You barely miss the wyvern.
The wyvern bites you.
You whack the wyvern!
The wyvern is poisoned.
The wyvern is moderately wounded.
The wyvern bites you but does no damage.
You hit the wyvern.
The wyvern looks as sick as possible!
The wyvern is heavily wounded.
The wyvern bites you.
You hit the wyvern.
The wyvern looks as sick as possible!
The wyvern is heavily wounded.
The wyvern bites you but does no damage.
You hit the wyvern.
The wyvern looks as sick as possible!
The wyvern is severely wounded.
The wyvern bites you but does no damage. x2
You hit the wyvern.
The wyvern looks as sick as possible!
The wyvern is almost dead.
The wyvern bites you but does no damage.
You hit the wyvern.
You kill the wyvern!
Your Axes skill increases to level 9!
The sky beast hits you but does no damage.
You hit the sky beast.
The sky beast is poisoned.
The sky beast is lightly wounded.
The sky beast hits you. The sky beast shocks you. You resist.
You hit the sky beast.
The sky beast looks as sick as possible!
The sky beast is moderately wounded.
The sky beast barely misses you.
You hit the sky beast.
The sky beast looks as sick as possible!
The sky beast is heavily wounded.
The sky beast barely misses you.
You closely miss the sky beast.
The sky beast is severely wounded.
The sky beast closely misses you.
You completely miss the sky beast.
The sky beast is severely wounded.
You hit the sky beast but do no damage.
The sky beast looks as sick as possible!
The sky beast is severely wounded.
The sky beast closely misses you.
You barely miss the sky beast.
The sky beast is severely wounded.
The sky beast hits you but does no damage.
You hit the sky beast.
The sky beast is almost dead.
You kill the sky beast!
No target in view!
Items here: ) [ ††.
Things that are here:
a +0 dagger; a +0 robe A swamp drake comes into view.
The swamp drake roars!
You hear a shout! x2; You hear an angry hiss.
The swamp drake moves out of view.
Found a staircase to the Lair.
A swamp drake is nearby!
Found a fuming white potion.
Found 2 curare-tipped darts.
The swamp drake breathes poison at you.
The noxious blast engulfs you but does no damage.
You resist. The swamp drake bites you!
You hit the swamp drake.
The swamp drake is lightly wounded.
The swamp drake barely misses you.
You hit the swamp drake.
The swamp drake is poisoned.
The swamp drake is moderately wounded.
You hit the swamp drake.
The swamp drake is moderately wounded.
The swamp drake breathes poison at you.
The noxious blast engulfs you but does no damage.
You resist.
You whack the swamp drake!
The swamp drake is heavily wounded.
The swamp drake breathes poison at you. The noxious blast misses you.
You hit the swamp drake but do no damage.
The swamp drake is severely wounded.
A komodo dragon comes into view.
The swamp drake barely misses you.
You hit the swamp drake.
The swamp drake is severely wounded.
The swamp drake breathes poison at you.
The noxious blast engulfs you but does no damage.
You resist.
You hit the swamp drake but do no damage.
The swamp drake looks as sick as possible!
The swamp drake is severely wounded.
Okay, then.
Press: ? - help, v - describe, . - travel, g - get item Item here: 2 curare-tipped darts.
The floor.
Unknown command.
Okay, then.
Your +2 whip of venom stops dripping with poison.
You feel weaker.
You feel clever.
You feel agile.
The +9 sling "Hatroumu" {freeze, Str-2 Int+2 Dex+4} is covered in frost.
w - the +9 sling "Hatroumu" (weapon)
{freeze, Str-2 Int+2 Dex+4} The swamp drake bites you but does no damage.
The swamp drake attacks as it pursues you!
The swamp drake closely misses you.
You kill the swamp drake!
Fire: w) +9 sling "Hatroumu" {freeze, Str-2 Int+2 Dex+4}
Press: ? - help, Q - select action, (/) - cycle Shift-Dir - straight line, f - komodo dragon
Aim: a komodo dragon (haloed, 89% to hit)
You shoot a sling bullet.
The sling bullet hits the komodo dragon.
The sling bullet freezes the komodo dragon.
The komodo dragon is lightly wounded.
Fire: w) +9 sling "Hatroumu" {freeze, Str-2 Int+2 Dex+4}
Press: ? - help, Q - select action, (/) - cycle Shift-Dir - straight line, f/p - komodo dragon
Aim: a komodo dragon (lightly wounded, haloed, 89% to hit)
You shoot a sling bullet.
The sling bullet hits the komodo dragon.
The komodo dragon seems to slow down.
The sling bullet freezes the komodo dragon.
The komodo dragon is moderately wounded.
A wyvern comes into view.
The komodo dragon bites you!
The wyvern hisses angrily.
The komodo dragon attacks as it pursues you!
The komodo dragon bites you.
The komodo dragon is no longer moving slowly.
The komodo dragon hisses menacingly.
Things that are here:
a +0 club; a +0 leather armour
Press: ? - help, v - describe, . - travel
Here: a wyvern (haloed)
The floor, spattered with blood.
Unknown command.
Okay, then.
Press: ? - help, v - describe, . - travel, g - get item
Here: a komodo dragon (moderately wounded, haloed)
Items here: ) [ ††.
The floor, spattered with blood.
Unknown command.
Okay, then.
Press: ? - help, v - describe, . - travel, g - get item
Here: a komodo dragon (moderately wounded, haloed)
Items here: ) [ ††.
The floor, spattered with blood.
Unknown command.
You shoot a sling bullet.
The sling bullet hits the wyvern but does no damage.
The wyvern bites you!
Okay, then.
Okay, then.
Okay, then.
Fire: w) +9 sling "Hatroumu" {freeze, Str-2 Int+2 Dex+4}
Press: ? - help, Q - select action, (/) - cycle Shift-Dir - straight line, f/p - wyvern
Aim: a wyvern (haloed, 84% to hit)
Okay, then.
Okay, then.
Okay, then.
Okay, then.
Okay, then.
Okay, then.
Press: ? - help, v - describe, . - travel
Here: a komodo dragon (lightly wounded, haloed)
The floor, spattered with blood.
Okay, then.
Okay, then.
Aiming: Fastroot
Press: ? - help, Shift-Dir - straight line, f/p - wyvern
Aim: a wyvern (haloed)
The roots erupt in riotous growth!
Roots grab the wyvern.
Roots grab the komodo dragon.
The grasping roots constrict the komodo dragon.
The grasping roots constrict the wyvern.
The wyvern closely misses you. The wyvern bites you!
The +9 sling "Hatroumu" {freeze, Str-2 Int+2 Dex+4} stops glowing.
Your +2 whip of venom begins to drip with poison!
a - a +2 whip of venom (weapon)
The grasping roots constrict the komodo dragon.
The grasping roots constrict the wyvern.
Hit: a) +2 whip (venom)
Press: ? - help, Dir - move target, f/p - wyvern
Aim: a wyvern (lightly wounded, constricted by roots, haloed, about 3% to evade your +2 whip of venom)
You hit the wyvern.
The wyvern is poisoned.
The wyvern is moderately wounded.
The grasping roots constrict the komodo dragon.
The grasping roots constrict the wyvern.
The roots release their grip on the komodo dragon.
The roots release their grip on the wyvern.
The wyvern barely misses you. The wyvern bites you.
Hit: a) +2 whip (venom)
Press: ? - help, Dir - move target, f/p - wyvern
Aim: a wyvern (heavily wounded, very poisoned, haloed, about 18% to evade your +2 whip of venom)
You hit the wyvern.
The wyvern looks as sick as possible!
The wyvern is severely wounded.
The wyvern misses you. The wyvern closely misses you.
You see here a +0 robe.
Press: ? - help, v - describe, . - travel
Here: a wyvern (severely wounded, extremely poisoned, haloed)
The floor.
Unknown command.
The wyvern completely misses you.
Unknown command.
You kill the wyvern!
Okay, then.
Throw: 16 darts (poison)
Press: ? - help, Shift-Dir - straight line, f - komodo dragon
Aim: a komodo dragon (moderately wounded, haloed, 86% to hit)
You throw a poisoned dart.
The poisoned dart hits the komodo dragon.
The komodo dragon is poisoned.
The komodo dragon is moderately wounded.
Throw: 15 darts (poison)
Press: ? - help, Shift-Dir - straight line, f/p - komodo dragon
Aim: a komodo dragon (moderately wounded, poisoned, haloed, 86% to hit)
You throw a poisoned dart.
The poisoned dart hits the komodo dragon.
The komodo dragon is moderately wounded.
Hit: a) +2 whip (venom)
Press: ? - help, Dir - move target, f/p - komodo dragon
Aim: a komodo dragon (heavily wounded, poisoned, haloed, about 12% to evade your +2 whip of venom)
You hit the komodo dragon.
The komodo dragon looks even sicker.
The komodo dragon is heavily wounded.
The komodo dragon bites you!!
Hit: a) +2 whip (venom)
Press: ? - help, Dir - move target, f/p - komodo dragon
Aim: a komodo dragon (heavily wounded, very poisoned, haloed, about 12% to evade your +2 whip of venom)
You barely miss the komodo dragon.
The komodo dragon is heavily wounded.
The komodo dragon bites you.
Hit: a) +2 whip (venom)
Press: ? - help, Dir - move target, f/p - komodo dragon
Aim: a komodo dragon (heavily wounded, very poisoned, haloed, about 12% to evade your +2 whip of venom)
You hit the komodo dragon but do no damage.
The komodo dragon looks as sick as possible!
The komodo dragon is heavily wounded.
The komodo dragon bites you!
* * * LOW HITPOINT WARNING * * *
Press: ? - help, v - describe, . - travel
Here: a komodo dragon (heavily wounded, extremely poisoned, haloed)
The floor.
Unknown command.
Okay, then.
Aiming: Fastroot
Press: ? - help, Shift-Dir - straight line, f/p - komodo dragon
Aim: a komodo dragon (heavily wounded, extremely poisoned, haloed)
The roots erupt in riotous growth!
Roots grab the komodo dragon.
The grasping roots constrict the komodo dragon.
The komodo dragon bites you but does no damage.
The grasping roots constrict the komodo dragon.
The roots release their grip on the komodo dragon.
The komodo dragon attacks as it pursues you!
The komodo dragon barely misses you.
Hit: a) +2 whip (venom)
Press: ? - help, Dir - move target, f/p - komodo dragon
Aim: a komodo dragon (almost dead, extremely poisoned, haloed, about 12% to evade your +2 whip of venom)
You hit the komodo dragon but do no damage.
The komodo dragon looks as sick as possible!
The komodo dragon is almost dead.
The komodo dragon bites you!
* * * LOW HITPOINT WARNING * * *
Okay, then.
Okay, then.
You are illuminated by a small divine halo.
You are glowing.
Your movement speed is average.
Your attack delay is about 0.7.
Your damage rating with your +2 whip of venom is about 11 (Base 6 x 120% (Str) x 128% (Skill) + 2 (Ench)).
Unknown command.
Press: ? - help, v - describe, . - travel
Here: a komodo dragon (almost dead, extremely poisoned, haloed)
The floor.
Unknown command.
Unknown command.
Okay, then.
Unknown command.
Press: ? - help, v - describe, . - travel
Here: a komodo dragon (almost dead, extremely poisoned, haloed)
The floor.
Unknown command.
The komodo dragon attacks as it pursues you!
The komodo dragon bites you!!
You die...

####)###########.#
# #.# #.# # #.#
#.# ####.### #.#
##.....# #.#
##.....# #.#
##.....# #.#
####.### #.# # #.#
#@# # ### #l# #.#
## #.# ####.####
#(#
####...###.###(#
###...###........#
#†.#####...#####.#
..## ##### #.#


You could see a komodo dragon (extremely poisoned).

Vanquished Creatures
  A hornet (D:9)
  Grinder (D:5)
  3 wyverns
  A basilisk (D:8)
  A steam dragon (D:8)
  2 water moccasins (D:7)
  A sky beast (D:8)
  A swamp drake (D:8)
  An orc warrior (D:7)
  3 centaurs
  2 ogres
  A phantom (D:6)
  2 kobold brigands (D:8)
  A bullfrog (D:8)
  3 scorpions
  2 bombardier beetles
  An orc priest (D:8)
  3 hounds
  3 jellies
  4 iguanas
  4 sleepcaps
  3 orc wizards
  4 gnolls (D:7)
  2 adders
  2 shadow imps
  A white imp (D:7)
  4 ufetubi (D:6)
  3 ribbon worms
  A dart slug (D:3)
  20 orcs
  3 ball pythons
  2 bats
  An endoplasm (D:1)
  3 giant cockroaches
  4 goblins (D:1)
  6 hobgoblins
  9 jackals
  7 kobolds
  5 quokkas
  4 frilled lizards
  2 rats (D:1)
127 creatures vanquished.

Notes
Turn   | Place    | Note
-------+----------+-------------------------------------------
     0 | D:1      | jagoly the Gargoyle Monk began the quest for the Orb.
     0 | D:1      | Reached XP level 1. HP: 14/14 MP: 1/1
    29 | D:1      | You fall into a shaft and drop 1 floor!
    71 | D:2      | Reached XP level 2. HP: 11/19 MP: 2/2
    77 | D:2      | Found Woim Zus's Jewellery Shop.
    87 | D:2      | Reached skill level 3 in Axes
   152 | D:1      | Reached skill level 1 in Stealth
   290 | D:1      | Reached XP level 3. HP: 19/23 MP: 3/3
   352 | D:1      | Found a faded altar of an unknown god.
   393 | D:2      | Found Menouro's Vocational Training.
   559 | D:2      | Found a hazy altar of Hepliaklqana.
   620 | D:4      | Noticed an ogre
   754 | D:3      | Reached XP level 4. HP: 26/29 MP: 4/4
   761 | D:3      | Reached skill level 1 in Armour
   913 | D:4      | Found a sacrificial altar of Ru.
  1034 | D:4      | Reached skill level 4 in Axes
  1034 | D:4      | Reached XP level 5. HP: 26/33 MP: 5/5
  1059 | D:5      | Entered Level 5 of the Dungeon
  1071 | D:4      | Found Ifurue's Book Emporium.
  1076 | D:4      | Found an opulent altar of Gozag.
  1187 | D:4      | Found a staircase to the Ecumenical Temple.
  1199 | Temple   | Entered the Ecumenical Temple
  1327 | D:5      | Reached XP level 6. HP: 39/39 MP: 6/6
  1380 | D:5      | Found Kanny's Magic Scroll Shoppe.
  1422 | D:5      | Noticed Grinder
  1429 | D:5      | Paralysed by Grinder for 5 turns
  1460 | D:5      | Killed Grinder
  1461 | D:5      | Reached skill level 5 in Fighting
  1461 | D:5      | Reached skill level 5 in Axes
  1461 | D:5      | Reached XP level 7. HP: 23/44 MP: 7/7
  1503 | D:6      | Found an ornate altar of the Wu Jian Council.
  1509 | D:6      | Identified the +9 sling "Hatroumu" {freeze, Str-2 Int+2
                  | Dex+4}
  1603 | D:7      | Reached skill level 6 in Axes
  1619 | D:7      | Reached XP level 8. HP: 37/51 MP: 8/8
  1662 | D:7      | Found a glowing golden altar of the Shining One.
  1663 | D:7      | Found an ancient bone altar of Kikubaaqudgha.
  1668 | D:7      | Became a worshipper of the Shining One
  1668 | D:7      | Reached * piety under the Shining One
  1668 | D:7      | Reached ** piety under the Shining One
  1834 | D:6      | Found a glowing silver altar of Zin.
  1929 | D:6      | Reached skill level 5 in Armour
  1964 | D:6      | Noticed a wyvern
  1970 | D:6      | Killed a wyvern
  1971 | D:6      | Reached skill level 7 in Axes
  2284 | D:7      | Reached XP level 9. HP: 32/57 MP: 9/9
  2619 | D:9      | Noticed a hornet
  2628 | D:9      | Killed a hornet
  2629 | D:9      | Reached skill level 8 in Axes
  2964 | D:8      | Reached *** piety under the Shining One
  2977 | D:8      | Reached skill level 9 in Axes
  3000 | D:8      | Found a staircase to the Lair.
  3015 | D:8      | Noticed a komodo dragon
  3071 | D:8      | Mangled by a komodo dragon

Illustrated notes

Levels and vault maps discovered:
D:1:      dpeg_arrival_renting, layout_rooms, basic_ecumenical_altar,
          minmay_pentomino_u4
D:2:      layout_rooms, serial_shops, shop, basic_altar, nicolae_shop_vocational
D:3:      layout_basic
D:4:      layout_basic, mainiacjoe_overflow_cross_hatched, cheibriados_altar_1,
          mainiacjoe_overflow_small_starburst, minmay_temple_entry_mini_moons,
          serial_shops, nicolae_shop_window_shopping, moated_statue
D:5:      layout_basic, bloody_makhleb, serial_shops, nicolae_shop_crystal,
          nicolae_concentric_dashed_squares_mild, abandoned_shop,
          lemuel_flamethrower_2, uniq_grinder
D:6:      layout_loops_cross, nicolae_overflow_hidden_temple,
          nicolae_wu_jian_wuxing_cycle
D:7:      layout_cave_pools, nicolae_overflow_squiral, minmay_bent
D:8:      layout_basic, erik_lair_dragon, minmay_statues_item, minivault_26
D:9:      layout_rooms, mainiacjoe_overflow_paths,
          mainiacjoe_overflow_surrounded_room, gammafunk_ghost_hydra_chop
Temple:   nicolae_temple_bog_church

Skill      XL: |  1  2  3  4  5  6  7  8  9 |
---------------+----------------------------+-----
Axes           | 3 4 5 6 7 9 |  9.6
Stealth        | 1 2 |  2.0
Armour         | 1 2 3 4 5 6 |  6.0
Fighting       | 4 5 7 8 |  8.0
Dodging        | 3 |  3.1

Action                     |  1- 3 |  4- 6 |  7- 9 || total
---------------------------+-------+-------+-------++-------
  Melee: Hand axe          |    88 |       |       ||    88
         Whip              |    18 |    60 |   178 ||   256
         Mace              |       |     6 |    19 ||    25
         Broad axe         |       |       |     2 ||     2
   Fire: Sling             |       |       |    84 ||    84
  Throw: Stone             |     1 |       |     3 ||     4
         Dart              |       |       |     3 ||     3
  Evoke: Wand              |       |       |     2 ||     2
    Use: Scroll            |       |       |     5 ||     5
 Armour: Robe              |    39 |       |       ||    39
         Ring mail         |    32 |    45 |     1 ||    78
         Scale mail        |       |       |   198 ||   198
  Dodge: Dodged            |    60 |    31 |   136 ||   227
